 Dungeon Crawl Stone Soup version 0.25-a0-424-g80bd347ae0 (webtiles) character file.

Game seed: 14721599188826470249, levelgen mode: deterministic

18 ChaosChampion the Insei (level 2, 0/18 HPs)
             Began as an Octopode Transmuter on Jan 21, 2020.
             Slain by a jackal (3 damage)
             ... on level 2 of the Dungeon.
             The game lasted 00:01:27 (610 turns).

ChaosChampion the Insei (Octopode Transmuter)        Turns: 610, Time: 00:01:27

Health: 0/18       AC:  1    Str:  9    XL:     2   Next: 66%
Magic:  2/5        EV: 13    Int: 15    God:
Gold:   102        SH:  0    Dex: 12    Spells: 4/5 levels left

rFire    + . .     SeeInvis .     - Unarmed
rCold    x . .     Gourm    .   (no shield)
rNeg     . . .     Faith    .   (helmet restricted)
rPois    .         Spirit   .   (no amulet)
rElec    .         Reflect  .   b - ring of fire
rCorr    .         Harm     .   (no ring)
MR       .....                  (no ring)
Stlth    ++........             (no ring)
HPRegen  0.06/turn              (no ring)
MPRegen  0.09/turn              (no ring)
                                (no ring)
                                (no ring)

@: appendage (expiring)
A: almost no armour, stealthy swim, amphibious, 8 rings, constrict 8, tentacle
spike 3, camouflage 1, gelatinous body 1
a: End Transformation


You were on level 2 of the Dungeon.
You were not hungry.
One of your tentacles had a temporary spike.
You visited 1 branch of the dungeon, and saw 2 of its levels.

You collected 102 gold pieces.

Inventory:

Missiles
 a - 64 arrows
Jewellery
 b - a ring of fire (left tentacle)
Scrolls
 d - 2 scrolls of identify {unknown}
 f - a scroll of enchant armour {unknown}
 h - a scroll of magic mapping {unknown}
 j - a scroll of remove curse {unknown}
Potions
 e - a potion of lignification {unknown}
 g - 2 potions of curing {unknown}
 i - a potion of might {unknown}
 k - a potion of degeneration {unknown}
 l - a potion of brilliance {unknown}
Comestibles
 c - 3 rations


   Skills:
 + Level 1.2 Fighting
 + Level 2.1 Dodging
 + Level 0.8 Stealth
 * Level 3.2 Unarmed Combat
 + Level 2.1 Spellcasting
 * Level 2.3 Transmutations


You had 4 spell levels left.
You knew the following spells:

 Your Spells              Type           Power        Failure   Level  Hunger
a - Beastly Appendage     Tmut           #.....       9%          1    #......

Your spell library contained the following spells:

 Spells                   Type           Power        Failure   Level  Hunger
 Sticks to Snakes         Tmut           #.......     13%         2    ###....
 Spider Form              Tmut/Pois      #.........   38%         3    ###....
 Ice Form                 Ice/Tmut       #.......     80%         4    #####..
 Blade Hands              Tmut           #.........   93%         5    ######.


Dungeon Overview and Level Annotations

Branches:
Dungeon (2/15)

Altars:


Innate Abilities, Weirdness & Mutations

You cannot wear most types of armour.
You are very stealthy in the water. (Stealth+)
You are amphibious.
You can wear up to eight rings at the same time.
You can use your tentacles to constrict eight enemies at once.
Your skin changes colour to match your surroundings (Stealth+).
Your rubbery body absorbs attacks. (AC +1, EV +1)
One of your tentacles bears a large vicious spike.


Message History

A goblin comes into view. It is wielding a -2 dagger.
The jackal bites you. The jackal completely misses you.
The goblin shouts!
You tentacle-slap the jackal but do no damage.
You grab the jackal.
You pierce the jackal.
The jackal is moderately wounded.
You constrict the jackal.
You constrict the jackal, but do no damage.
You hear a shout!
The jackal bites you.
* * * LOW HITPOINT WARNING * * *
The jackal closely misses you. The jackal bites you.
* * * LOW HITPOINT WARNING * * *
A rat comes into view.
You barely miss the jackal. You grab the jackal.
You pierce the jackal.
The jackal is lightly wounded.
You constrict the jackal. x3; The jackal bites you.
* * * LOW HITPOINT WARNING * * *
The jackal barely misses you. The jackal bites you.
You die...

##......# #..
........#
#... ........
..... ...l..#
..gr.
#....#......
.
#....#......
.. #..hh....#
#.. ##..@h#
#.. #....<#
.. #.....#
#####.#.....#
.........)###
#........(#
#.........#
#.(.......#
#.........#


You could see 3 jackals, a goblin, a frilled lizard and a rat.

Vanquished Creatures
  A ball python (D:1)
  3 goblins (D:1)
  A hobgoblin (D:1)
  A jackal (D:2)
  A kobold (D:1)
  5 bats
  2 frilled lizards (D:1)
  3 rats
17 creatures vanquished.

Notes
Turn   | Place    | Note
-------+----------+-------------------------------------------
     0 | D:1      | ChaosChampion the Octopode Transmuter began the quest for
                  | the Orb.
     0 | D:1      | Reached XP level 1. HP: 13/13 MP: 3/3
   131 | D:1      | Reached XP level 2. HP: 15/18 MP: 5/5
   610 | D:2      | Slain by a jackal

Levels and vault maps discovered:
D:1:      dpeg_arrival_long_road, layout_loops_ring, serial_park_tiny_pond
D:2:      layout_rooms, corexii_leaking_fountain, nicolae_ashenzari_panopticon,
          uniq_robin, uniq_natasha, uniq_terence

Action                   || total
-------------------------++-------
Melee: Unarmed           ||    43
       Constrict         ||    12
       Kick              ||     6
       Tentacles         ||     3
 Cast: Beastly Appendage ||     7
 Stab: Sleeping          ||     5
Armor: Skin              ||     3
Dodge: Dodged            ||    37

Table legend:
 A = Non-vault XP
 B = Vault XP
 C = Vault XP percentage of total XP
 D = Non-vault monster count
 E = Vault monster count
 F = Vault count percentage of total count
                 A         B        C        D         E       F
            +---------+---------+-------+---------+---------+-------
      Total |      26 |       0 |   0.0 |      17 |       0 |   0.0
            +---------+---------+-------+---------+---------+-------
        D:1 |      21 |       0 |   0.0 |      14 |       0 |   0.0
        D:2 |       5 |       0 |   0.0 |       3 |       0 |   0.0
            +---------+---------+-------+---------+---------+-------
